 Dungeon Crawl Stone Soup version 0.22-a0-355-g201945fe43 (webtiles) character file.

160 KleinerIrrer the Stinger (level 5, -2/63 HPs)
             Began as a Naga Venom Mage on Apr 18, 2018.
             Slain by KleinerIrrer's ghost (8 damage)
             ... on level 3 of the Dungeon.
             The game lasted 00:09:47 (3524 turns).

KleinerIrrer the Stinger (Naga Venom Mage)          Turns: 3524, Time: 00:09:47

Health: -2/63      AC: 22    Str: 16    XL:     5   Next: 41%
Magic:  10/10      EV:  1    Int: 16    God:
Gold:   104        SH:  0    Dex: 12    Spells: 5/11 levels left

rFire    . . .     SeeInvis +   f - +1 dagger
rCold    + . .     Gourm    .   (no shield)
rNeg     + + +     Faith    .   (armour currently unavailable)
rPois    +         Spirit   .   (helmet currently unavailable)
rElec    .         Reflect  .   (cloak currently unavailable)
rCorr    .         Harm     .   (gloves currently unavailable)
MR       .....     NoTele   +   (no barding)
Stlth    ++........             (no amulet)
HPRegen  0.20/turn              l - ring of protection from cold
MPRegen  0.12/turn              k - +6 ring of strength

@: tree-form (expiring)
A: large, see invisible, slow metabolism 1, spit poison 1, AC +1
a: Spit Poison


You were on level 3 of the Dungeon.
You were not hungry.
You were a tree.
You visited 1 branch of the dungeon, and saw 3 of its levels.

You collected 104 gold pieces.

Inventory:

Hand Weapons
 f - a +1 dagger (weapon)
 r - a +0 flail
Armour
 a - a +0 robe (melded)
 n - a +0 plate armour
Jewellery
 k - a +6 ring of strength (right branch)
 l - a ring of protection from cold (left branch)
Scrolls
 b - 2 scrolls of remove curse
 d - a scroll of identify
Potions
 e - 4 potions of curing
 j - 2 potions of brilliance
 m - a potion of mutation
Comestibles
 c - 3 rations


   Skills:
 - Level 1.5 Dodging
 - Level 3.0 Stealth
 + Level 3.8 Spellcasting
 - Level 1.0 Conjurations
 + Level 6.2 Poison Magic


You had 5 spell levels left.
You knew the following spells:

 Your Spells              Type           Power        Failure   Level  Hunger
a - Sting                 Conj/Pois      ##..         3%          1    None
b - Poisonous Vapours     Pois/Air       ##....       7%          2    ##.....
c - Mephitic Cloud        Conj/Pois/Air  ##......     19%         3    ###....


Dungeon Overview and Level Annotations

Branches:
Dungeon (3/15)

Altars:

Annotations:
D:3 KleinerIrrer's ghost, amateur NaFi


Innate Abilities, Weirdness & Mutations

You cannot wear boots.
((Your serpentine skin is tough. (AC +1)))
You have supernaturally acute eyesight. (SInv)
((Armour fits poorly on your strangely shaped body.))
((Your system is resistant to poisons. (rPois)))
((You cover ground very slowly.))
You have a slow metabolism.
You can spit poison.


Message History

KleinerIrrer's ghost hits you!
* * * LOW HITPOINT WARNING * * *
You hit KleinerIrrer's ghost.
KleinerIrrer's ghost is severely damaged.
KleinerIrrer's ghost hits you but does no damage.
You hit KleinerIrrer's ghost but do no damage.
KleinerIrrer's ghost is severely damaged.
KleinerIrrer's ghost barely misses you.
You hit KleinerIrrer's ghost.
KleinerIrrer's ghost is severely damaged.
KleinerIrrer's ghost hits you.
* * * LOW HITPOINT WARNING * * *
You hit KleinerIrrer's ghost but do no damage.
KleinerIrrer's ghost is severely damaged.
KleinerIrrer's ghost hits you.
* * * LOW HITPOINT WARNING * * *
You hit KleinerIrrer's ghost but do no damage.
KleinerIrrer's ghost is severely damaged.
KleinerIrrer's ghost hits you!
You die...

,,,',,,,,,,,,***** #..#.###....**
,,,**,**,,,,,** #..#.....#..#*
,,,',,,,,..,,,* ###............,
,,,**,**,#..,** #.......##.#..##
,,,**'**,#...* #...##..........
**,,,,,,,#...* #...##..##.#....
*,,,,,,.#...#####...###.##.#....
*,,,,,,.........)...............
*,,,,,,.##.....♣###..##..#......
*,,,,,,.........W.#.............
*,,,,,,.##......#.#.............
*,,,,,,,#.....)##..........#..##
**,,,,,,.........................
,,,,,,,,##..##..##..#.###...#÷...
,,,,,,,,*#..##..##..#.# #...#..##
,,*'*****#.[.#..##..#.###......##
,,,,*****#...#.................##


You could see KleinerIrrer's ghost.

Vanquished Creatures
  An orc wizard (D:2)
  5 adders
  3 oozes
  A worm (D:3)
  4 dart slugs
  2 leopard geckos
  4 orcs
  A ball python (D:3)
  4 bats (D:2)
  2 giant cockroaches (D:1)
  8 goblins
  2 hobgoblins
  7 jackals
  5 frilled lizards
  5 kobolds
  3 rats
57 creatures vanquished.

Notes
Turn   | Place    | Note
-------+----------+-------------------------------------------
     0 | D:1      | KleinerIrrer the Naga Venom Mage began the quest for the Orb.
     0 | D:1      | Reached XP level 1. HP: 15/15 MP: 3/3
    77 | D:1      | Reached XP level 2. HP: 22/22 MP: 1/5
    87 | D:1      | Learned a level 2 spell: Poisonous Vapours
   887 | D:1      | Reached XP level 3. HP: 20/28 MP: 5/7
  1191 | D:1      | Reached skill level 5 in Poison Magic
  1602 | D:2      | Learned a level 3 spell: Mephitic Cloud
  1616 | D:2      | Reached XP level 4. HP: 36/36 MP: 1/8
  2274 | D:2      | Reached skill level 6 in Poison Magic
  2274 | D:2      | Reached XP level 5. HP: 35/42 MP: 4/10
  3308 | D:3      | Noticed KleinerIrrer's ghost (amateur NaFi)
  3524 | D:3      | Slain by KleinerIrrer's ghost

Vault maps used:
D:1:      dpeg_arrival_boxorama, minmay_misc_feat_columns
D:3:      uniq_jessica, uniq_ijyb

Skill      XL: |  1  2  3  4 |
---------------+-------------+-----
Poison Magic   | 5 6 |  6.2
Spellcasting   | 3 |  3.8
Dodging        | |  1.5
Stealth        | |  3.0
Conjurations   | |  1.0

Action                   |  1- 3 |  4- 6 || total
-------------------------+-------+-------++-------
Melee: Unarmed           |     1 |       ||     1
       Dagger            |    19 |    87 ||   106
 Cast: Sting             |     9 |     2 ||    11
       Poisonous Vapours |    23 |    42 ||    65
 Abil: Spit Poison       |     5 |     3 ||     8
  Use: Scroll            |     1 |     7 ||     8
       Potion            |       |     1 ||     1
  Eat: Chunk             |     2 |     8 ||    10
Armor: Robe              |     3 |     7 ||    10
       Plate armour      |     1 |       ||     1
       Skin              |       |    29 ||    29
Dodge: Dodged            |    17 |    36 ||    53

Table legend:
 A = Spawn XP
 B = Non-spawn XP
 C = Spawn XP percentage of total XP
 D = Spawn monster count
 E = Non-spawn monster count
 F = Spawn count percentage of total count
 G = Total turns spent on level
                    A         B        C        D         E        F      G
               +---------+---------+-------+---------+---------+-------+---------
         Total |       0 |     229 |   0.0 |       0 |      57 |   0.0 |  3524
               +---------+---------+-------+---------+---------+-------+---------
           D:1 |       0 |      56 |   0.0 |       0 |      21 |   0.0 |  1225
           D:2 |       0 |     138 |   0.0 |       0 |      27 |   0.0 |  1799
           D:3 |       0 |      35 |   0.0 |       0 |       9 |   0.0 |   500
               +---------+---------+-------+---------+---------+-------+---------
